[Event "*** Titled Tuesday Blitz"]
[Site "Chess.com"]
[Date "2020.10.27"]
[Round "7"]
[White "Bodnar_Mykola"]
[Black "Margarita2907"]
[Result "1/2-1/2"]
[WhiteElo "2365"]
[BlackElo "2203"]
[TimeControl "180+1"]
[EndTime "11:17:11 PDT"]
[Termination "Game drawn by repetition"]

1. e4 c5 2. Nf3 d6 3. d4 cxd4 4. Nxd4 Nf6 5. Nc3 a6 6. Bg5 Nbd7 7. Bc4 Qc7 8. Bb3 b5 9. O-O Bb7 10. Re1 g6 11. Nd5 Bxd5 12. exd5 Bg7 13. Nc6 Ne5 14. Nxe5 dxe5 15. a4 O-O 16. Qe2 bxa4 17. Rxa4 Ne8 18. Rea1 a5 19. Bd2 Nd6 20. Bxa5 Qb7 21. Bc3 Rxa4 22.
Rxa4 Ra8 23. Rxa8+ Qxa8 24. h4 e4 25. Bxg7 Kxg7 26. Qe3 Qa1+ 27. Kh2 Qxb2 28. Qf4 Qd4 29. g3 Nf5 30. Kg2 h5 31. Ba2 Nd6 32. Bb3 Qc3 33. Ba4 Kg8 34. Bb3 Kg7 35. Ba4 Kg8 36. Bb3 Kg7 1/2-1/2

[Event "*** Titled Tuesday Blitz"]
[Site "Chess.com"]
[Date "2020.10.27"]
[Round "7"]
[White "LogoCzar"]
[Black "poppy73"]
[Result "1-0"]
[WhiteElo "2369"]
[BlackElo "2218"]
[TimeControl "180+1"]
[EndTime "11:17:17 PDT"]
[Termination "LogoCzar won by resignation"]

1. e4 c5 2. Nf3 d6 3. d4 cxd4 4. Nxd4 Nf6 5. Nc3 a6 6. h3 e5 7. Nb3 h5 8. Bg5 Be6 9. f4 exf4 10. Qd2 Be7 11. O-O-O Nbd7 12. Bxf4 Ne5 13. Qe1 Qc7 14.
Be2 O-O-O 15. Kb1 Kb8 16. Rf1 h4 17. Nd5 Bxd5 18. exd5 Nfd7 19. c4 g5 20. Be3 Nxc4 21.
Rc1 Nde5 22. Nd4 Rc8 23. Bxc4 Nxc4 24. b3 Na3+ 25. Kb2 Qb6 26. Kxa3 Rxc1 27. Qxc1 Rc8 28. Nc6+ Rxc6 29. dxc6 d5+ 30. Kb2 d4 31. c7+ Kc8 32. Bd2 Bf6 33. Qc4 d3+ 34. Bc3 d2 35.
Bxf6 d1=Q 36. Rxd1 Qxf6+ 37. Qd4 Qxd4+ 38. Rxd4 Kxc7 39. Rd5 Kc6 40. Rxg5 1-0

[Event "*** Titled Tuesday Blitz"]
[Site "Chess.com"]
[Date "2020.10.27"]
[Round "7"]
[White "Keures"]
[Black "Training_Day"]
[Result "1-0"]
[WhiteElo "2235"]
[BlackElo "2389"]
[TimeControl "180+1"]
[EndTime "11:17:17 PDT"]
[Termination "Keures won on time"]

1. d4 Nf6 2. c4 e6 3. Nc3 Bb4 4. e3 O-O 5. Bd3 c5 6. Nf3 Bxc3+ 7. bxc3 Nc6 8. O-O d6 9. Ng5 h6 10. Ne4 Nxe4 11. Bxe4 Qc7 12. Qf3 Na5 13. Bd3 cxd4 14. cxd4 Nxc4 15. Bxc4 Qxc4 16. Ba3 Rd8 17. Qg3 Qa6 18.
Bb4 d5 19. Be7 Re8 20. Bf6 g6 21. Qf4 Kh7 22. Rac1 Bd7 23. Rc7 Qa4 24. Be5 f5 25.
Bd6 1-0

[Event "*** Titled Tuesday Blitz"]
[Site "Chess.com"]
[Date "2020.10.27"]
[Round "7"]
[White "katchesskat"]
[Black "Tenamu"]
[Result "1-0"]
[WhiteElo "2254"]
[BlackElo "2378"]
[TimeControl "180+1"]
[EndTime "11:17:20 PDT"]
[Termination "katchesskat won by resignation"]

1. c4 e6 2. e3 Nf6 3. a3 c5 4. Qc2 Nc6 5. Nf3 Be7 6. d3 O-O 7. Nbd2 d5 8. b3 e5 9. cxd5 Nxd5 10. Bb2 f6 11. Rc1 Be6 12. Be2 b6 13. O-O Rc8 14.
Rfe1 Qd7 15. Qb1 Rfd8 16. Bd1 Nc7 17. Bc2 Bf7 18. d4 cxd4 19. Bxh7+ Kf8 20. exd4 exd4 21. Bf5 Qd5 22. Be4 Qh5 23. Rxc6 Ne6 24. Rxc8 Rxc8 25. Nxd4 Nf4 26. Nf1 Qg4 27. Ng3 Bc5 28. Bf5 Qg5 29. Bxc8 Bd5 30. Ne6+ Bxe6 31. Bxe6 Qh4 32. Qe4 Qg5 33. b4 Bxf2+ 1-0

[Event "*** Titled Tuesday Blitz"]
[Site "Chess.com"]
[Date "2020.10.27"]
[Round "7"]
[White "kai_nov"]
[Black "teacher4chess"]
[Result "1-0"]
[WhiteElo "2292"]
[BlackElo "2071"]
[TimeControl "180+1"]
[EndTime "11:17:20 PDT"]
[Termination "kai_nov won by resignation"]

1. d4 d5 2. c4 e6 3. Nc3 Be7 4.
Nf3 Nf6 5. cxd5 exd5 6. Bg5 O-O 7. e3 b6 8. Bd3 c5 9. dxc5 bxc5 10. Bxf6 Bxf6 11. Nxd5 Qa5+ 12. b4 cxb4 13. Nxf6+ gxf6 14. Be4 Ba6 15. Bxa8 Rd8 16. Nd4 b3+ 17. Qd2 b2 18.
Rb1 Qxa2 19. Qxb2 Qa5+ 20. Qb4 Qxb4+ 21. Rxb4 Nd7 22. Bf3 Ne5 23. Be2 Bxe2 24. Kxe2 Rc8 25. Rhb1 Kg7 26. Nf5+ 1-0

[Event "*** Titled Tuesday Blitz"]
[Site "Chess.com"]
[Date "2020.10.27"]
[Round "7"]
[White "VitaliyBernadskiy"]
[Black "PSvidler"]
[Result "0-1"]
[WhiteElo "2752"]
[BlackElo "2918"]
[TimeControl "180+1"]
[EndTime "11:17:21 PDT"]
[Termination "PSvidler won by resignation"]

1. e4 c5 2. Nc3 g6 3. h4 Nc6 4. h5 Bg7 5. d3 d6 6. Be2 Nd4 7. Be3 e5 8. Nd5 Be6 9. c3 Nxe2 10. Nxe2 Bxd5 11. exd5 Ne7 12. h6 Bf6 13. c4 Nf5 14. Bd2 O-O 15. Nc3 Bg5 16. Ne4 Bxd2+ 17. Qxd2 Nd4 18.
O-O-O f5 19. Ng5 f4 20. Ne4 b5 21. g3 Rb8 22. Kb1 Qb6 23. Ng5 Qa6 24. Qc3 bxc4 25.
dxc4 Rb4 26. b3 Rfb8 27. Rxd4 cxd4 28. Qd3 Qxc4 0-1

[Event "*** Titled Tuesday Blitz"]
[Site "Chess.com"]
[Date "2020.10.27"]
[Round "7"]
[White "Flawless_Fighter"]
[Black "KarstenHansch"]
[Result "1-0"]
[WhiteElo "2612"]
[BlackElo "2480"]
[TimeControl "180+1"]
[EndTime "11:17:23 PDT"]
[Termination "Flawless_Fighter won by checkmate"]

1. d4 Nf6 2. c4 e6 3. g3 d5 4. Bg2 Be7 5. Nf3 O-O 6. O-O dxc4 7. Ne5 Nc6 8. Nxc6 bxc6 9. Na3 Bxa3 10. bxa3 Ba6 11.
e3 Nd5 12. Re1 f5 13. e4 fxe4 14. Bxe4 Qf6 15. Qc2 Rad8 16. Bxh7+ Kh8 17. Be4 Qxd4 18. Bg5 Rd7 19. Qe2 Nf6 20. Bg6 Rd5 21. Rad1 c3 22. Qxa6 Qxd1 23. Rxd1 Rxd1+ 24. Kg2 Ng4 25. Bf4 Nxf2 26.
Qe2 Rfd8 27. Qh5+ Kg8 28. Qh7+ Kf8 29. Qh8+ Ke7 30. Qxg7# 1-0

[Event "*** Titled Tuesday Blitz"]
[Site "Chess.com"]
[Date "2020.10.27"]
[Round "7"]
[White "Onischuk_V"]
[Black "Sanan_Sjugirov"]
[Result "1-0"]
[WhiteElo "2806"]
[BlackElo "2914"]
[TimeControl "180+1"]
[EndTime "11:17:25 PDT"]
[Termination "Onischuk_V won by resignation"]

1. e4 c5 2. Ne2 Nf6 3. Nbc3 d6 4. g3 g6 5. d4 cxd4 6. Nxd4 Nc6 7. Bg2 Bd7 8. h3 Bg7 9. Nb3 O-O 10. O-O Rc8 11.
Re1 a6 12. a4 Be6 13. Nd5 Ne5 14. c3 Nc4 15. Nd4 Bd7 16. b3 Na5 17. Bb2 e6 18.
Ne3 e5 19. Ne2 Be6 20. c4 Qb6 21. Bc3 Nd7 22. Rb1 Nc6 23. Qxd6 Nc5 24. a5 Qa7 25. Qd1 Nd4 26. Nxd4 exd4 27. Bxd4 Bxd4 28. Qxd4 Qb8 29. b4 Nd7 30. Nd5 Bxd5 31. exd5 Rfe8 32. c5 1-0

[Event "*** Titled Tuesday Blitz"]
[Site "Chess.com"]
[Date "2020.10.27"]
[Round "7"]
[White "Mr_Sinigami"]
[Black "zurzan"]
[Result "1-0"]
[WhiteElo "2475"]
[BlackElo "2057"]
[TimeControl "180+1"]
[EndTime "11:17:25 PDT"]
[Termination "Mr_Sinigami won by resignation"]

1. c4 f5 2. Nc3 Nf6 3. g3 g6 4. Bg2 Bg7 5. e3 O-O 6. Nge2 d6 7. O-O e5 8. d4 e4 9. b4 c6 10. a4 Na6 11. b5 Nb4 12. Ba3 Nd3 13.
Nc1 Nxc1 14. Rxc1 Re8 15. Ne2 d5 16. cxd5 cxd5 17. Nf4 Be6 18. Nxe6 Rxe6 19. Qb3 Kh8 20. Rc2 Re8 21. Rfc1 Bf8 22. Rc7 Bxa3 23. Qxa3 h6 24. Rxb7 Rc8 25. Rc6 Rxc6 26. bxc6 Qa5 27. Bf1 Ng4 28.
h3 Nf6 29. Qd6 Qd8 30. Qxd8 Rxd8 31. c7 1-0

[Event "*** Titled Tuesday Blitz"]
[Site "Chess.com"]
[Date "2020.10.27"]
[Round "7"]
[White "MashaFromRussia"]
[Black "Quiet_Desperation"]
[Result "1-0"]
[WhiteElo "2380"]
[BlackElo "2027"]
[TimeControl "180+1"]
[EndTime "11:17:26 PDT"]
[Termination "MashaFromRussia won by resignation"]

1. d4 Nf6 2. c4 e6 3. g3 Bb4+ 4. Bd2 Qe7 5. Nf3 Nc6 6. Bg2 Bxd2+ 7. Nbxd2 d6 8. O-O O-O 9. e4 e5 10. d5 Nb8 11. Ne1 c6 12. Nd3 cxd5 13. cxd5 Bd7 14.
Qb3 Be8 15. Rfc1 Na6 16. Rc3 Rb8 17. Rac1 Bd7 18. Nc4 Rfc8 19. Na5 Rxc3 20. Rxc3 Be8 21. Qa3 Nd7 22. b4 g6 23. Nxb7 Rxb7 24. Qxa6 Nb8 25. Qa5 Bb5 26. a4 Bxd3 27. Rxd3 Qg5 28. Rc3 Qd2 29. Rc8+ Kg7 30. Qd8 Rxb4 31. Qf8+ Kf6 32. Qxd6+ Kg7 33. Qxe5+ Kh6 34. Rxb8 f6 35. Qd6 Qe1+ 36.
Bf1 Rxe4 37. Qf8+ Kh5 38. d6 Re2 39. Rb5+ f5 40. Rxf5+ gxf5 41. Qxf5+ Kh6 42. Qf6+ 1-0

[Event "*** Titled Tuesday Blitz"]
[Site "Chess.com"]
[Date "2020.10.27"]
[Round "7"]
[White "BilodeauA"]
[Black "Harsha_Bharathakoti"]
[Result "1-0"]
[WhiteElo "2917"]
[BlackElo "2824"]
[TimeControl "180+1"]
[EndTime "11:17:28 PDT"]
[Termination "BilodeauA won by resignation"]

1. e4 c6 2. Nf3 d5 3. d3 Qc7 4. Nc3 dxe4 5. dxe4 e5 6. a4 Bg4 7. h3 Bh5 8. Bc4 Nf6 9. Bg5 Nbd7 10. Qe2 Bb4 11. O-O h6 12. Bh4 O-O 13. Rad1 Rfe8 14. Rfe1 Bg6 15. Bd3 Nh5 16. Qe3 Nf4 17. Bf1 Nf8 18.
Bg3 N8e6 19. Nh4 Bc5 20. Qc1 Bh5 21. Rd2 Rad8 22. Nf5 Rxd2 23. Qxd2 Rd8 24. Qc1 Qb6 25. Ne3 Nd4 26. Nc4 Qc7 27. Nxe5 Bd6 28. Qxf4 Bxe5 29. Qxe5 1-0

[Event "*** Titled Tuesday Blitz"]
[Site "Chess.com"]
[Date "2020.10.27"]
[Round "7"]
[White "Jungle_Jaguar"]
[Black "Supernotar"]
[Result "0-1"]
[WhiteElo "2634"]
[BlackElo "2853"]
[TimeControl "180+1"]
[EndTime "11:17:28 PDT"]
[Termination "Supernotar won by checkmate"]

1. e4 c6 2. d4 d5 3. e5 Bf5 4.
h4 h5 5. c4 e6 6. Nc3 Nd7 7.
cxd5 cxd5 8. Bd3 Bxd3 9. Qxd3 Ne7 10. Nf3 Nf5 11. Bg5 Be7 12. Bxe7 Nxe7 13. O-O O-O 14. Rfc1 a6 15. Na4 Nf5 16. g3 Rc8 17. a3 Rc4 18. b3 Rxd4 19. Nxd4 Nxe5 20. Qd1 Nxd4 21. Nc5 Nef3+ 22. Kg2 e5 23. b4 e4 24. Nxb7 Qf6 25. Nc5 Qg6 26. Kh1 Qg4 27. Qf1 f5 28. Nd7 f4 29. Nxf8 fxg3 30. fxg3 Qxg3 31. Ra2 Qxh4+ 32. Kg2 Qh2# 0-1

[Event "*** Titled Tuesday Blitz"]
[Site "Chess.com"]
[Date "2020.10.27"]
[Round "7"]
[White "jamalm2"]
[Black "Nils_03"]
[Result "0-1"]
[WhiteElo "1936"]
[BlackElo "2246"]
[TimeControl "180+1"]
[EndTime "11:17:28 PDT"]
[Termination "Nils_03 won on time"]

1. g3 f5 2. Bg2 Nf6 3. Nf3 e6 4. c4 d5 5. d4 c6 6. cxd5 exd5 7. Nc3 Bd6 8. O-O O-O 9. Qb3 Nbd7 10. Ng5 Qe7 11. e4 fxe4 12. Ngxe4 Nxe4 13. Nxe4 Bc7 14. Bg5 Qf7 15. Nc3 Nb6 16. a4 Nc4 17. Rad1 Rb8 18. Bc1 Bg4 19. f3 Bh5 20. Rde1 Bg6 21. Kh1 Bd3 22.
Rf2 Qh5 23. f4 Rbe8 24. Rxe8 Rxe8 25. Qd1 Qxd1+ 26. Nxd1 Re1+ 27. Bf1 Bxf1 28. Bd2 Rxd1 0-1

[Event "*** Titled Tuesday Blitz"]
[Site "Chess.com"]
[Date "2020.10.27"]
[Round "7"]
[White "AIROPITO7"]
[Black "shnitez"]
[Result "1-0"]
[WhiteElo "2595"]
[BlackElo "2434"]
[TimeControl "180+1"]
[EndTime "11:17:29 PDT"]
[Termination "AIROPITO7 won by resignation"]

1. d4 Nf6 2. Nc3 d5 3. Bg5 Nbd7 4. e3 c6 5. f4 g6 6. Nf3 Bg7 7. Bd3 b5 8. O-O O-O 9. Ne5 Qc7 10. Qe1 a5 11. Qh4 b4 12. Na4 Re8 13. Rf3 Nf8 14. Bh6 Ne4 15. Bxe4 dxe4 16. Rf2 Bxh6 17. Qxh6 f6 18.
Nc4 Be6 19. Nd2 Bd5 20. Nc5 f5 21. g4 e6 22. c4 bxc3 23. bxc3 e5 24. fxe5 Ne6 25. gxf5 Nxc5 26. f6 Nd3 27. Rg2 Qf7 28.
c4 Be6 29. Nxe4 Rad8 30. Ng5 Qd7 31. f7+ Bxf7 32. Qxh7+ Kf8 33. Rf1 1-0

[Event "*** Titled Tuesday Blitz"]
[Site "Chess.com"]
[Date "2020.10.27"]
[Round "7"]
[White "BrandonJacobson"]
[Black "OK97"]
[Result "0-1"]
[WhiteElo "2934"]
[BlackElo "2806"]
[TimeControl "180+1"]
[EndTime "11:17:32 PDT"]
[Termination "OK97 won by resignation"]

1. d4 Nf6 2. c4 c5 3. Nf3 cxd4 4. Nxd4 e5 5. Nb5 d5 6. cxd5 Bc5 7. e3 O-O 8. N5c3 Bf5 9. Be2 Nbd7 10. O-O Nb6 11. a3 Nbxd5 12. b4 Bb6 13. Bb2 Re8 14.
Nxd5 Nxd5 15. Nd2 Bg6 16. Qb3 Nxe3 17. fxe3 Qxd2 18. Rae1 Qxe3+ 19. Qxe3 Bxe3+ 20. Kh1 Bd4 21. Bxd4 exd4 22. Bf3 d3 23. Bxb7 Rxe1 24. Rxe1 d2 25. Rf1 Re8 26. Bf3 Re1 27. Kg1 Bd3 0-1

[Event "*** Titled Tuesday Blitz"]
[Site "Chess.com"]
[Date "2020.10.27"]
[Round "7"]
[White "littleplotkin"]
[Black "Shield12"]
[Result "0-1"]
[WhiteElo "2706"]
[BlackElo "2831"]
[TimeControl "180+1"]
[EndTime "11:17:32 PDT"]
[Termination "Shield12 won by checkmate"]

1. e4 c5 2. d4 cxd4 3. c3 e5 4. cxd4 exd4 5. Nf3 Nc6 6. Bc4 Nf6 7. O-O Be7 8. e5 Ne4 9. Re1 d5 10. exd6 Nxd6 11.
Bb3 Bg4 12. h3 Bxf3 13. Qxf3 O-O 14. Bf4 Bf6 15. Na3 Rc8 16. Rac1 Qd7 17. Qd5 Rcd8 18.
Rc5 Nc8 19. Qf3 N8e7 20. Nc4 Ng6 21. Bg3 Rfe8 22. Rxe8+ Rxe8 23. Nd6 Re1+ 24. Kh2 Nge5 25. Qd5 Be7 26. f4 Qxd6 27. fxe5 Qxd5 28. Rxd5 Re2 29. Rd7 Nxe5 30. Rxb7 Bd6 31. Rxa7 h5 32. h4 Ng4+ 33. Kh3 Re3 34. Bxf7+ Kh7 35. Ra3 Nf2+ 36. Kh2 Bxg3+ 37. Kg1 Re1# 0-1

[Event "*** Titled Tuesday Blitz"]
[Site "Chess.com"]
[Date "2020.10.27"]
[Round "7"]
[White "malakismayil"]
[Black "TheSodabread"]
[Result "1-0"]
[WhiteElo "2256"]
[BlackElo "1918"]
[TimeControl "180+1"]
[EndTime "11:17:33 PDT"]
[Termination "malakismayil won by resignation"]

1. e4 e5 2. Nf3 Nf6 3. Nxe5 Nc6 4.
Nxc6 dxc6 5. Nc3 Bc5 6. Be2 h5 7. h3 Qd6 8. d3 Be6 9. Bg5 O-O-O 10. Qd2 Bd4 11. f4 Qc5 12. f5 Bf2+ 13. Kf1 Ng4 14. Bxg4 hxg4 15. Bxd8 Be3 16. Be7 Qd4 17. Qe2 Bxf5 18.
Re1 gxh3 19. Qxe3 hxg2+ 20. Kxg2 1-0

[Event "*** Titled Tuesday Blitz"]
[Site "Chess.com"]
[Date "2020.10.27"]
[Round "7"]
[White "capatl"]
[Black "Shivagami"]
[Result "1-0"]
[WhiteElo "2490"]
[BlackElo "2271"]
[TimeControl "180+1"]
[EndTime "11:17:39 PDT"]
[Termination "capatl won by resignation"]

1. c4 e5 2. Nc3 Bb4 3. Qc2 Bxc3 4.
Qxc3 Qe7 5. Nf3 d6 6. d3 Nf6 7.
g3 O-O 8. Bg2 c6 9. O-O Bf5 10.
b4 Nbd7 11. Bb2 Rfe8 12. a3 d5 13. cxd5 Nxd5 14. Qb3 e4 15. Nh4 Bg4 16. dxe4 N5f6 17. f3 Be6 18. Qc3 g5 19. Nf5 Bxf5 20. exf5 Qxe2 21.
Rae1 Qb5 22. Rd1 Qe5 23. Qxe5 Nxe5 24. Rfe1 Ned7 25. Rxe8+ Rxe8 26. Rd6 Ne5 27. Bxe5 1-0

[Event "*** Titled Tuesday Blitz"]
[Site "Chess.com"]
[Date "2020.10.27"]
[Round "7"]
[White "Lenyas66"]
[Black "ftorodent"]
[Result "0-1"]
[WhiteElo "2463"]
[BlackElo "2663"]
[TimeControl "180+1"]
[EndTime "11:17:41 PDT"]
[Termination "ftorodent won by resignation"]

1. e4 c5 2. Nf3 e6 3. d4 cxd4 4. Nxd4 a6 5. c4 Nf6 6. Nc3 d6 7. Be2 Be7 8. O-O O-O 9. Be3 Qc7 10. Rc1 Nbd7 11. b4 b6 12. g4 Bb7 13. f3 h6 14.
h4 Nh7 15. Qe1 Qd8 16. Bf2 Rc8 17. f4 e5 18. Nf5 exf4 19. Nd5 Bxd5 20. exd5 Ne5 21.
Nxe7+ Qxe7 22. Bxb6 g5 23. c5 Nf6 24. Bxa6 Ra8 25. hxg5 hxg5 26. Bc4 Nfxg4 27. cxd6 Qxd6 28. Bc5 Qh6 29. Qe2 f3 30. Qd2 Qh4 31. d6 Qg3+ 32.
Kh1 Qh4+ 33. Kg1 Kg7 34. Bd4 Qg3+ 0-1

[Event "*** Titled Tuesday Blitz"]
[Site "Chess.com"]
[Date "2020.10.27"]
[Round "7"]
[White "vladislavkovalev"]
[Black "bascheyaro"]
[Result "1/2-1/2"]
[WhiteElo "2848"]
[BlackElo "2747"]
[TimeControl "180+1"]
[EndTime "11:17:42 PDT"]
[Termination "Game drawn by agreement"]

1. e4 e6 2. d4 d5 3. Nd2 c5 4. Ngf3 Nc6 5. exd5 exd5 6. Bb5 c4 7. O-O Bd6 8. Re1+ Ne7 9. b3 cxb3 10. axb3 O-O 11.
Bf1 Bf5 12. c3 a6 13. b4 Qd7 14. Nb3 Rfe8 15. Nc5 Qc7 16. g3 Bxc5 17. dxc5 Be4 18. Ng5 Bg6 19. Bg2 h6 20. Bf4 Qd8 21. Nf3 Be4 22.
Bf1 Ng6 23. Bd6 Qf6 24. Re3 Rad8 25. Nd4 Nxd4 26. Qxd4 Qxd4 27. cxd4 Bf5 28. b5 axb5 29. Bxb5 Bd7 30. Rxe8+ Bxe8 31. Bxe8 Rxe8 32. Rb1 Ne7 33. Rxb7 Nc6 34. Rc7 Nxd4 35. c6 Nb5 36. Rd7 Nxd6 37.
Rxd6 Re1+ 38. Kg2 Rc1 1/2-1/2

[Event "*** Titled Tuesday Blitz"]
[Site "Chess.com"]
[Date "2020.10.27"]
[Round "7"]
[White "davigator"]
[Black "Resignify"]
[Result "1-0"]
[WhiteElo "2366"]
[BlackElo "2192"]
[TimeControl "180+1"]
[EndTime "11:17:44 PDT"]
[Termination "davigator won by resignation"]

1. e4 d6 2. d4 Nf6 3. Nc3 g6 4. Bg5 Bg7 5. f3 c6 6. Qd2 b5 7.
O-O-O Qc7 8. Kb1 Nbd7 9. Bh6 Bxh6 10. Qxh6 Nb6 11. Bd3 Be6 12. h4 b4 13. Nce2 Nc4 14. Nc1 a5 15. Nge2 a4 16. Bxc4 Bxc4 17. b3 axb3 18.
cxb3 Bxe2 19. Nxe2 Qa5 20. Nc1 c5 21. dxc5 Qxc5 22.
Rd2 Rc8 23. Rhd1 Nd7 24. Nd3 Qb6 25. Qg7 Rf8 26. Qxh7 Nc5 27. Nxc5 Qxc5 28. Qg7 Qb5 29. Rd5 Qc6 30. Qb2 Qb7 31. e5 Rc6 32. exd6 exd6 33.
Qf6 Kd7 34. Rxd6+ Rxd6 35. Qxd6+ Kc8 36. Qxf8+ 1-0

[Event "*** Titled Tuesday Blitz"]
[Site "Chess.com"]
[Date "2020.10.27"]
[Round "7"]
[White "Chessdreamer2020"]
[Black "Zmof"]
[Result "0-1"]
[WhiteElo "2462"]
[BlackElo "2218"]
[TimeControl "180+1"]
[EndTime "11:17:45 PDT"]
[Termination "Zmof won by resignation"]

1. e4 c5 2. Nf3 Nc6 3. Bb5 g6 4. O-O Bg7 5. c3 e5 6. d4 cxd4 7. cxd4 exd4 8. Bf4 Nge7 9. Bd6 O-O 10. Nbd2 a6 11. Bc4 b5 12. Bd5 Bb7 13. Re1 Nc8 14. Bxf8 Qxf8 15. Nb3 Nb6 16. Nc5 Qxc5 17. Rc1 Qb4 18. Bb3 Re8 19. Ng5 Re7 20. Qg4 Na5 21. Bxf7+ Rxf7 22. Nxf7 Kxf7 23. Qf4+ Ke7 24. Qh4+ Kf7 25.
Qxh7 Nac4 26. b3 Ne5 27. Qh3 d3 28. Red1 Bxe4 29. Qe3 Nd5 30. Qa7 d2 31. Rc8 Nf4 32. Qe3 Bxg2 33. f3 Nxf3+ 34. Kf2 Bd4 0-1

[Event "*** Titled Tuesday Blitz"]
[Site "Chess.com"]
[Date "2020.10.27"]
[Round "7"]
[White "mishanick"]
[Black "RD4ever"]
[Result "1-0"]
[WhiteElo "2991"]
[BlackElo "2795"]
[TimeControl "180+1"]
[EndTime "11:17:46 PDT"]
[Termination "mishanick won by resignation"]

1. d4 d5 2. c4 e6 3. Nf3 Nf6 4. Nc3 c5 5. cxd5 exd5 6. g3 Nc6 7. Bg2 cxd4 8. Nxd4 Bc5 9. Nb3 Bb6 10. Nxd5 Be6 11.
e4 Bg4 12. Qd3 Nxd5 13. exd5 Ne5 14. Qc3 Qf6 15. O-O Rc8 16. Qe1 O-O 17. Be3 Rfe8 18. Bxb6 axb6 19. Qb4 Nf3+ 20. Kh1 Qh6 21. h4 f5 22. d6 Rcd8 23. Rad1 g5 24. d7 Re4 25.
Qd6 Qxd6 26. Rxd6 gxh4 27. gxh4 Re7 28. Rfd1 Nxh4 29. R1d4 Nxg2 30. Kxg2 f4 31. Rxb6 Rg7 32. Rxb7 Be2+ 33. Kh2 Bf3 34. Rbb4 Rg2+ 35. Kh3 Rxf2 36. Rxf4 Rxd7 37. Kg3 Rf1 38. Rb8+ Kg7 39. Rxf3 1-0

[Event "*** Titled Tuesday Blitz"]
[Site "Chess.com"]
[Date "2020.10.27"]
[Round "7"]
[White "Leonid_Starozhilov"]
[Black "amintabatabaei"]
[Result "0-1"]
[WhiteElo "2640"]
[BlackElo "2886"]
[TimeControl "180+1"]
[EndTime "11:17:46 PDT"]
[Termination "amintabatabaei won by resignation"]

1. c4 b6 2. Nc3 Bb7 3. Nf3 e6 4. g3 Bxf3 5. exf3 Nf6 6. f4 d5 7. cxd5 exd5 8. Bg2 c6 9. O-O Be7 10. d4 O-O 11. g4 g6 12. f5 Nbd7 13. g5 Nh5 14. f6 Bd6 15. Qg4 Re8 16. Be3 Nf8 17.
Rfe1 h6 18. h4 Qd7 19. Qxd7 Nxd7 20. Ne2 Nf8 21. Rac1 Rac8 22. Bh3 Rc7 23. Bg4 Ne6 24. Bxh5 gxh5 25. f4 Nxg5 26. hxg5 Rxe3 27. Kf2 Re4 28. gxh6 Bxf4 29. Rg1+ Kh7 30. Rc3 Bxh6 31. Rcg3 Rc8 32. Rg7+ Bxg7 33. Rxg7+ Kh6 34. Rxf7 Kg6 35. Rxa7 Kxf6 36.
Rh7 Kg6 37. Rd7 Rf8+ 0-1

[Event "*** Titled Tuesday Blitz"]
[Site "Chess.com"]
[Date "2020.10.27"]
[Round "7"]
[White "Mbneu"]
[Black "Sesleria"]
[Result "1-0"]
[WhiteElo "2191"]
[BlackElo "1884"]
[TimeControl "180+1"]
[EndTime "11:17:46 PDT"]
[Termination "Mbneu won by resignation"]

1. d4 Nf6 2. c4 e6 3. Nc3 Bb4 4.
Bg5 c5 5. d5 exd5 6. cxd5 Qe7 7. e3 Qe5 8. Nf3 Bxc3+ 9. bxc3 Qxc3+ 10. Nd2 Ne4 11. Rc1 Qa5 12. Bf4 O-O 13. Bd3 Qxd2+ 14. Qxd2 Nxd2 15. Kxd2 b6 16. Bd6 Re8 17. Rb1 Bb7 18.
e4 c4 19. Bxc4 Rxe4 20. Rhe1 Rxe1 21. Rxe1 h5 22. Re8+ Kh7 23. Rxb8 Rxb8 24. Bxb8 b5 25. Bxb5 Bxd5 26. g3 Bxa2 27. Bxa7 Kg6 28. Bxd7 Kg5 29.
h4+ Kf6 1-0

[Event "*** Titled Tuesday Blitz"]
[Site "Chess.com"]
[Date "2020.10.27"]
[Round "7"]
[White "Firouzja2003"]
[Black "Zkid"]
[Result "1-0"]
[WhiteElo "3065"]
[BlackElo "2807"]
[TimeControl "180+1"]
[EndTime "11:17:47 PDT"]
[Termination "Firouzja2003 won by resignation"]

1. e3 d5 2. c4 d4 3. exd4 Qxd4 4.
Nf3 Qd8 5. d4 Bg4 6. Qb3 Nc6 7.
d5 Bxf3 8. Qxf3 Nd4 9. Qe4 c5 10. dxc6 Nxc6 11. Nc3 Nf6 12. Qc2 e6 13. Be3 Ng4 14. Bf4 Bc5 15. Bg3 O-O 16. Rd1 Qf6 17.
Bd3 Nb4 18. Bxh7+ Kh8 19. Qe2 Kxh7 20. Qxg4 Nc2+ 21. Kd2 Nb4 22. Qh5+ Qh6+ 23. Qxh6+ gxh6 24. Ne4 Be7 25. Bd6 Rfd8 26. Kc3 Nxa2+ 27. Kb3 Nc1+ 28. Kc2 Bxd6 29. Nxd6 Ne2 30. Nxf7 Rdc8 31. Rd7 Kg6 32. Re1 Rxc4+ 33. Kd3 Rf4 34. Ne5+ 1-0

[Event "*** Titled Tuesday Blitz"]
[Site "Chess.com"]
[Date "2020.10.27"]
[Round "7"]
[White "garicradomir"]
[Black "AndrewMaco"]
[Result "0-1"]
[WhiteElo "2349"]
[BlackElo "2663"]
[TimeControl "180+1"]
[EndTime "11:17:47 PDT"]
[Termination "AndrewMaco won by resignation"]

1. e4 c6 2. d4 d5 3. e5 Bf5 4. Bd3 Bxd3 5. Qxd3 e6 6. Ne2 c5 7. c3 Nc6 8. O-O cxd4 9. cxd4 Nge7 10. Nd2 Nf5 11.
Nf3 Be7 12. g4 Nh4 13. Nxh4 Bxh4 14. f4 Qb6 15. Be3 g6 16. a3 Be7 17. b4 h5 18.
f5 gxf5 19. gxf5 O-O-O 20. Nf4 Bg5 21. Rac1 Kb8 22. fxe6 Bxf4 23. Rxf4 fxe6 24. Rf7 Rdg8+ 25. Kh1 Rg4 26. b5 Na5 27. Rc5 Nc4 28. Bf2 Rhg8 29. h3 R4g7 30. Qf3 Qd8 31. Rf6 Nd2 32. Qxh5 Ne4 33.
Rxe6 Nxf2+ 0-1

[Event "*** Titled Tuesday Blitz"]
[Site "Chess.com"]
[Date "2020.10.27"]
[Round "7"]
[White "BursaBBSatranc"]
[Black "MaxLeto"]
[Result "1-0"]
[WhiteElo "2512"]
[BlackElo "2340"]
[TimeControl "180+1"]
[EndTime "11:17:48 PDT"]
[Termination "BursaBBSatranc won on time"]

1. d4 Nf6 2. Bf4 g6 3. e3 Bg7 4. Nf3 d6 5. h3 O-O 6. Be2 Nbd7 7. O-O Qe8 8. c4 e5 9. Bh2 Qe7 10. Nc3 c6 11. Re1 Ne8 12. Rc1 f5 13. b4 Nef6 14. b5 Rd8 15. bxc6 bxc6 16. Qa4 Bb7 17. Rb1 Nb6 18. Qa3 Ne4 19. Nxe4 fxe4 20. Nxe5 c5 21.
dxc5 dxe5 22. Rb3 Nc8 23. c6 Qxa3 24. cxb7 Qxb3 25. bxa8=Q Qc3 26. Rf1 Qd2 27. Bg4 Nb6 28. Qxe4 1-0

[Event "*** Titled Tuesday Blitz"]
[Site "Chess.com"]
[Date "2020.10.27"]
[Round "7"]
[White "Euge_chess"]
[Black "Rital44"]
[Result "0-1"]
[WhiteElo "2087"]
[BlackElo "2462"]
[TimeControl "180+1"]
[EndTime "11:17:50 PDT"]
[Termination "Rital44 won on time"]

1. e4 e5 2. Nf3 Nc6 3. Nc3 Nf6 4. Bb5 Nd4 5. Bc4 Bc5 6. Nxe5 O-O 7. O-O d6 8. Nd3 Bg4 9. f3 Nxf3+ 10. Kh1 Nd4 11. Rf3 Nh5 12. Nxc5 dxc5 13. Qf1 Bxf3 14. gxf3 Qh4 15.
Kg1 Rad8 16. d3 Rd6 17. Ne2 Rg6+ 18. Kh1 Nxe2 19. Be3 Nhg3+ 0-1

[Event "*** Titled Tuesday Blitz"]
[Site "Chess.com"]
[Date "2020.10.27"]
[Round "7"]
[White "MF1966Idrisov"]
[Black "shriyanasmallya"]
[Result "1-0"]
[WhiteElo "2333"]
[BlackElo "1695"]
[TimeControl "180+1"]
[EndTime "11:17:52 PDT"]
[Termination "MF1966Idrisov won by resignation"]

1. Nf3 Nf6 2. b3 e6 3. Bb2 d5 4. e3 Be7 5. d4 Nc6 6. Bd3 b6 7. Nbd2 Bb7 8. a3 Qd7 9. O-O O-O-O 10. Qe2 h5 11. Ba6 Kb8 12. Bxb7 Kxb7 13. c4 dxc4 14.
bxc4 g5 15. Nxg5 Bd6 16. d5 Ne5 17. f4 Nh7 18. Nxh7 Rxh7 19. fxe5 Be7 20. Qf3 exd5 21.
cxd5 Qxd5 22. Qxd5+ Rxd5 23. Ne4 Rg7 24. Rad1 Rb5 25.
Bc1 h4 26. Rd7 Bc5 27. Nxc5+ Rxc5 28. e6 h3 29. g3 Rg8 30. exf7 Rf8 31. Re7 Rc2 32. e4 Rg2+ 33. Kh1 Kc6 34. Bh6 Rh8 35. f8=Q Rxf8 36. Bxf8 Kd6 37. Rh7+ Ke6 38. Rxh3 Ra2 39.
Rh5 Kd7 1-0